 Dungeon Crawl Stone Soup version 0.16-a0-3996-g50e10cd (webtiles) character file.

358 Minkie the Cudgeler (level 6, -13/44 HPs)
             Began as a Demonspawn Skald on Feb 13, 2015.
             Was a Follower of Okawaru.
             Mangled by an ogre
             ... wielding a +0 giant spiked club
              (17 damage)
             ... on level 4 of the Dungeon.
             The game lasted 00:14:31 (4058 turns).

Minkie the Cudgeler (Demonspawn Skald)              Turns: 4058, Time: 00:14:31

Health: -13/44     AC: 12    Str: 13    XL:     6   Next: 37%
Magic:  10/10      EV:  5    Int: 13    God:    Okawaru [*.....]
Gold:   182        SH:  2    Dex: 14    Spells: 1 memorised, 8 levels left

rFire  + . .     SeeInvis .     m - +0 whip
rCold  . . .     Clarity  .     e - +0 chain mail
rNeg   . . .     SustAb   .     (no shield)
rPois  .         Gourm    .     (no helmet)
rElec  .         Spirit   .     k - +0 cloak
rCorr  .         Warding  .     (no gloves)
rMut   .         Stasis   .     o - +0 pair of boots
MR     .....                    (no amulet)
Stlth  ..........               (no ring)
                                w - ring of stealth

@: not resistant to hostile enchantments, extremely unstealthy
A: hooves 1, large bone plates 1, fire resistance 1
a: Heroism, Renounce Religion


You were on level 4 of the Dungeon.
You worshipped Okawaru.
Okawaru was aware of your devotion.
You were hungry.

You visited 1 branch of the dungeon, and saw 4 of its levels.

You collected 182 gold pieces.

Inventory:

Hand weapons
 m - a +0 whip (weapon)
Missiles
 t - 4 tomahawks (quivered)
Armour
 e - a +0 chain mail (worn)
 k - a +0 cloak (worn)
 n - the +4 robe of the Nine Demons {-Tele rElec rPois- Int+6}
   (You found it on level 4 of the Dungeon)

   It affects your intelligence (+6).
   It insulates you from electricity.
   It makes you vulnerable to poison.
   It prevents most forms of teleportation.
 o - a +0 pair of boots (worn)
Jewellery
 a - an uncursed ring of teleportation
 w - a ring of stealth (left hand)
Scrolls
 f - a scroll of identify
 g - a scroll of enchant weapon {unknown}
 h - a scroll of recharging {unknown}
 i - 2 scrolls of teleportation {unknown}
 j - 2 scrolls of enchant armour {unknown}
 p - a scroll of amnesia {unknown}
 u - a scroll of fear {unknown}
Potions
 l - a potion of haste
 q - a potion of magic
 s - a potion of restore abilities
Books
 c - a book of Battle

   Spells                             Type                      Level
   a - Infusion                       Charms                       1
   b - Shroud of Golubria             Charms/Translocation         2
   c - Song of Slaying                Charms                       2
   d - Spectral Weapon                Hexes/Charms                 3
   e - Regeneration                   Charms/Necromancy            3
Comestibles
 b - a fruit
 d - 4 bread rations
 r - 2 slices of pizza
 v - a meat ration


   Skills:
 - Level 2.0 Fighting
 + Level 5.4 Maces & Flails
 - Level 0.8 Armour
 - Level 0.8 Dodging
 - Level 2.0 Spellcasting
 - Level 4.0 Charms


You had 8 spell levels left.
You knew the following spells:

 Your Spells              Type           Power        Failure   Level  Hunger
a - Infusion              Chrm           ##....       98%         1    ##.....


Dungeon Overview and Level Annotations

Branches:
Dungeon (4/15)
 Temple: D:4-7

Altars:
Okawaru
Xom


Innate Abilities, Weirdness & Mutations

You have large cloven feet.
You are partially covered in large bone plates (AC +2, SH +2).
Your flesh is heat resistant.


Message History

Press: ? - help, Shift-Dir - straight line, f - ogre
Aim: an ogre, wielding a giant spiked club You throw a tomahawk.
The tomahawk closely misses the ogre.
The ogre hits you with a giant spiked club!!
You hit the ogre.
The ogre is lightly wounded.
Your chain mail prevents you from hitting the ogre.
The ogre is lightly wounded.
The ogre hits you with a giant spiked club!
* * * LOW HITPOINT WARNING * * *
You barely miss the ogre.
The ogre is lightly wounded.
Your chain mail prevents you from hitting the ogre.
The ogre is lightly wounded.
The ogre hits you with a giant spiked club!
* * * LOW HITPOINT WARNING * * *
You closely miss the ogre.
The ogre is lightly wounded.
The ogre hits you with a giant spiked club!
You die...

##.#.###......#
# ##.#.#
#......# #
##.#.#
#......## #
##.#.#
###.....# #
##.#.# #.....#
# .#.#.#
#.....# #
.#.#.#
#.....### #
...#.#
#.......# #
...#.#
#.....#@# #
...#.#
#.....#O# #
..#.# #######.#
# #.# # ... #
... # .(. #
##### # #


You could see an ogre.

Vanquished Creatures
  A giant frog (D:4)
  A scorpion (D:4)
  A giant frog skeleton (D:3)
  An orc priest (D:4)
  A centaur skeleton (D:4)
  An orc wizard (D:4)
  A worker ant (D:4)
  4 adders
  3 worms
  5 giant geckos
  6 orcs
  8 bats
  A bat skeleton (D:4)
  3 giant cockroaches
  9 hobgoblins
  8 giant newts
  3 goblins
  9 kobolds
  6 rats
72 creatures vanquished.

Notes
Turn   | Place    | Note
--------------------------------------------------------------
     0 | D:1      | Minkie, the Demonspawn Skald, began the quest for the Orb.
     0 | D:1      | Reached XP level 1. HP: 16/16 MP: 3/3
   384 | D:1      | Gained mutation: You have large cloven feet. [demonic ancestry]
   384 | D:1      | Reached XP level 2. HP: 17/22 MP: 4/4
   495 | D:1      | Reached skill level 3 in Charms
  1137 | D:2      | Reached XP level 3. HP: 20/27 MP: 6/6
  1687 | D:2      | Found an iron altar of Okawaru.
  1709 | D:2      | Became a worshipper of Warmaster Okawaru
  1826 | D:2      | Found a shimmering altar of Xom.
  1826 | D:2      | Found a shimmering altar of Xom.
  1827 | D:2      | Found a shimmering altar of Xom.
  2146 | D:3      | Reached XP level 4. HP: 33/33 MP: 7/7
  2450 | D:3      | Reached skill level 4 in Charms
  2908 | D:4      | Gained mutation: You are partially covered in large bone plates (AC +2, SH +2). [demonic ancestry]
  2908 | D:4      | Reached XP level 5. HP: 34/38 MP: 9/9
  3207 | D:4      | Acquired Okawaru's first power
  3528 | D:4      | Got a creamy pearl robe
  3539 | D:4      | Identified the +4 robe of the Nine Demons {-Tele rElec rPois- Int+6} (You found it on level 4 of the Dungeon)
  3584 | D:4      | Gained mutation: Your flesh is heat resistant. [demonic ancestry]
  3584 | D:4      | Reached XP level 6. HP: 44/44 MP: 10/10
  3642 | D:4      | Reached skill level 5 in Maces & Flails
  4048 | D:4      | Noticed an ogre
  4058 | D:4      | Mangled by an ogre

Action                   |  1- 3 |  4- 6 || total
-------------------------+-------+-------++-------
Melee: Mace              |    67 |       ||    67
       Whip              |   120 |   271 ||   391
Throw: Tomahawk          |       |     1 ||     1
  Use: Scroll            |     3 |     2 ||     5
  Eat: Chunk             |     4 |     6 ||    10
